 Dungeon Crawl Stone Soup version 0.25-a0-1079-g858b6a6ff6 (webtiles) character file.

Game seed: 1453151451883903034, levelgen mode: deterministic

245 vurker the Sneak (level 6, 0/32 HPs)
             Began as a Vine Stalker Assassin on May 15, 2020.
             Slain by a river rat (4 damage)
             ... on level 4 of the Dungeon.
             The game lasted 00:05:49 (3099 turns).

vurker the Sneak (Vine Stalker Assassin)            Turns: 3099, Time: 00:05:49

Health: 0/32       AC: 15    Str: 21    XL:     6   Next: 10%
Magic:  0/16       EV:  6    Int: 11    God:
Gold:   141        SH:  0    Dex: 16    Spells: 5/5 levels left

rFire    . . .     SeeInvis .   a - +2 dagger
rCold    . . .     Gourm    .   (no shield)
rNeg     . . .     Faith    .   h - +0 plate armour
rPois    .         Spirit   +   (no helmet)
rElec    .         Reflect  .   c - +0 cloak
rCorr    .         Harm     .   r - +0 pair of gloves
MR       .....                  i - +2 pair of boots {run}
Stlth    ..........             (no amulet)
HPRegen  0.50/turn              p - +6 ring of strength
MPRegen  0.15/turn              s - ring of magical power

@: very slow
A: fangs 2, regeneration 1, magic shield, antimagic bite, no potion heal 3, rot
immunity
a: no special abilities


You were on level 4 of the Dungeon.
You were not hungry.

You visited 1 branch of the dungeon, and saw 4 of its levels.

You collected 141 gold pieces.

Inventory:

Hand Weapons
 a - a +2 dagger (weapon)
Missiles
 d - 7 poisoned darts (quivered)
 f - 8 curare-tipped darts
Armour
 c - a +0 cloak (worn)
 h - a +0 plate armour (worn)
   (You found it on level 2 of the Dungeon)
 i - a +2 pair of boots of running (worn)
   (You found it on level 1 of the Dungeon)
 r - a +0 pair of gloves (worn)
   (You found it on level 2 of the Dungeon)
Jewellery
 p - a +6 ring of strength (left hand)
   (You found it on level 1 of the Dungeon)
 s - a ring of magical power (right hand)
   (You found it on level 2 of the Dungeon)
 w - an uncursed ring of protection from magic
   (You found it on level 3 of the Dungeon)
Wands
 y - a wand of clouds (8)
   (You found it on level 3 of the Dungeon)
Scrolls
 g - 5 scrolls of identify
 j - a scroll of remove curse
 m - 2 scrolls of fog
 n - a scroll of enchant armour
 o - 2 scrolls of teleportation {unknown}
 q - a scroll of random uselessness {unknown}
 v - a scroll of amnesia {unknown}
Potions
 b - 2 potions of haste {unknown}
 k - 2 potions of curing
 l - a potion of stabbing {unknown}
 u - 2 potions of heal wounds {unknown}
 x - 2 potions of degeneration {unknown}
 A - a potion of magic {unknown}
Comestibles
 e - 5 rations
 z - 2 chunks of flesh


   Skills:
 + Level 3.4 Fighting
 * Level 4.7 Short Blades
 - Level 1.7 Throwing
 - Level 0.7 Dodging
 - Level 4.8 Stealth


You had 5 spell levels left.
You didn't know any spells.
Your spell library was empty.

Dungeon Overview and Level Annotations

Branches:
Dungeon (4/15)
 Temple: D:4-7

Altars:
Elyvilon
Ru
Trog

Annotations:
D:4 Robin, Sigmund


Innate Abilities, Weirdness & Mutations

You have extremely sharp teeth.
Your natural rate of healing is unusually fast.
When hurt, damage is shared between your health and your magic reserves.
Your bite disrupts and absorbs the magic of your enemies.
Potions cannot restore your health.
You are immune to rotting.


Message History

Something hits you. Something freezes you.
Your unstable footing causes you to fumble your attack.
The giant cockroach barely misses you. The river rat bites you.
The orc hits you but does no damage.
You hit the giant cockroach. Your bite misses the giant cockroach.
The giant cockroach bites you but does no damage.
Something hits you!
* * * LOW HITPOINT WARNING * * *
Something freezes you.
* * * LOW HITPOINT WARNING * * *
The river rat bites you but does no damage.
Your unstable footing causes you to fumble your attack.
The giant cockroach bites you but does no damage.
The orc hits you but does no damage. The river rat barely misses you.
Your unstable footing causes you to fumble your attack.
The giant cockroach closely misses you. Something hits you.
* * * LOW HITPOINT WARNING * * *
Something freezes you.
* * * LOW HITPOINT WARNING * * *
The orc hits you with a +0 morningstar.
* * * LOW HITPOINT WARNING * * *
The river rat bites you but does no damage.
Your unstable footing causes you to fumble your attack.
The giant cockroach bites you but does no damage.
You hit the giant cockroach but do no damage.
Something hits you but does no damage. The giant cockroach barely misses you.
The orc hits you with a +0 morningstar.
* * * LOW HITPOINT WARNING * * *
The river rat bites you.
* * * LOW HITPOINT WARNING * * *
As you read the scroll labeled QOR TAAXYTEN, it crumbles to dust.
You feel blessed for a moment.
It was a scroll of remove curse.
The giant cockroach splashes around in the water.
The river rat bites you.
* * * LOW HITPOINT WARNING * * *
The orc hits you but does no damage. Something hits you but does no damage.
The giant cockroach barely misses you.
The river rat bites you but does no damage.
The giant cockroach bites you but does no damage.
The river rat barely misses you.
Your unstable footing causes you to fumble your attack.
The orc hits you but does no damage.
The giant cockroach bites you but does no damage.
You closely miss the giant cockroach.
You bite the giant cockroach, but do no damage.
The river rat bites you.
You die...

,,,,,,,,,* *,,,,,,,,,,,,,,,,,*,,,
,,,,,,,,,* ***,,,,****,*******,,,
,,,,,,,,,* *,,,,* *<*,,,,,,,,,
,,,,,,,,,* #.,,,* **#.*..#**,,
,,,,,,,,,* #.,,,****##.#..?,,,,
,,,,,,,,,* #.,,,,,,,,...#.##*,*
,,,,,,,,,* *##.,,*###,**#....,,,*
,*,**,,,** #,..+##≈≈###≈#...#****
,*,**,*,####.#.#@r≈≈≈≈+∩#...#####
,,,,,,,,.!.....#os≈≈≈≈+≈#........
,,,,,,,,.......o##≈≈###≈#...@....
,,,,,,*,#.##..#..####.###...#####
,,,,,,*,,....,##.......@....# #
,,,,,,*,.........########.#.#***#
,,,,,,*,..#......#******#+#...,,.
,,,,,,*,.,#......#,,,,,,,,....#..
,,,,,,*,,,#..o...#,,,,,,,,....#..


You could see a river rat, 2 orcs and a giant cockroach.

Vanquished Creatures
  An ogre (D:2)
  A scorpion (D:4)
  5 adders
  4 worms
  3 leopard geckos
  An orc (D:4)
  4 giant cockroaches
  8 goblins
  5 hobgoblins
  A quokka (D:3)
  7 bats
  5 frilled lizards
  7 kobolds
  4 rats
56 creatures vanquished.

Notes
Turn   | Place    | Note
-------+----------+-------------------------------------------
     0 | D:1      | vurker the Vine Stalker Assassin began the quest for the
                  | Orb.
     0 | D:1      | Reached XP level 1. HP: 11/11 MP: 2/2
    89 | D:1      | Identified a +1 pair of boots of running (You found it on
                  | level 1 of the Dungeon)
   205 | D:1      | Reached XP level 2. HP: 7/15 MP: 3/3
  1373 | D:2      | Reached XP level 3. HP: 17/18 MP: 4/4
  2102 | D:2      | Noticed an ogre
  2138 | D:2      | Killed an ogre
  2138 | D:2      | Gained mutation: Your natural rate of healing is unusually
                  | fast. [Vine Stalker growth]
  2138 | D:2      | Reached XP level 4. HP: 6/24 MP: 5/5
  2138 | D:2      | Reached XP level 5. HP: 7/28 MP: 6/6
  2403 | D:3      | Found a sacrificial altar of Ru.
  2608 | D:3      | Found a white marble altar of Elyvilon.
  2951 | D:4      | Reached XP level 6. HP: 28/32 MP: 7/7
  2961 | D:4      | Noticed Robin
  3032 | D:4      | Noticed Sigmund
  3046 | D:4      | Found a bloodstained altar of Trog.
  3099 | D:4      | Slain by a river rat

Illustrated notes

Levels and vault maps discovered:
D:1:      saegor_arrival_miasma, layout_basic
D:2:      layout_basic, minmay_bisected
D:3:      layout_basic, nicolae_overflow_crystal_walls, lemuel_crystal_altar
D:4:      layout_basic, bloody_trog, eat_drink_and_be_merry_uskayaw,
          gup_sewer_entry_bowl, serial_shops, shop, uniq_robin, uniq_sigmund

Skill      XL: |  1  2  3 |
---------------+----------+-----
Short Blades   | 2 4 |  4.7
Fighting       | 2 3 |  3.4
Throwing       | |  1.7
Dodging        | |  0.7
Stealth        | |  4.8

Action                   |  1- 3 |  4- 6 || total
-------------------------+-------+-------++-------
Melee: Dagger            |   101 |   106 ||   207
       Bite              |    32 |    40 ||    72
Throw: Dart              |     6 |     1 ||     7
  Use: Scroll            |       |     5 ||     5
 Stab: Sleeping          |     4 |       ||     4
  Eat: Chunk             |     3 |     3 ||     6
Armor: Robe              |     4 |       ||     4
       Plate armour      |    35 |    78 ||   113
Dodge: Dodged            |    26 |    38 ||    64

Table legend:
 A = Non-vault XP
 B = Vault XP
 C = Vault XP percentage of total XP
 D = Non-vault monster count
 E = Vault monster count
 F = Vault count percentage of total count
                 A         B        C        D         E       F
            +---------+---------+-------+---------+---------+-------
      Total |     328 |      22 |   6.3 |      52 |       4 |   7.1
            +---------+---------+-------+---------+---------+-------
        D:1 |      14 |       0 |   0.0 |      10 |       0 |   0.0
        D:2 |     169 |      17 |   9.1 |      22 |       2 |   8.3
        D:3 |      73 |       0 |   0.0 |      17 |       0 |   0.0
        D:4 |      72 |       5 |   6.5 |       3 |       2 |  40.0
            +---------+---------+-------+---------+---------+-------
